Map: [ESL] Oceanborn

Players

DKZherO (herO)

  • Race: Protoss Protoss
  • League: Grandmaster
  • Spawn Location: 5:00

GuMiho - Winner!

  • Race: Terran Terran
  • Spawn Location: 11:00

VOD

Have the link to the VOD?

Description

Time

  • Played on: Dec. 29, 2023, 7:23 a.m.
  • Length: 6:59
Show
View Real Time Build Order
Export as new Build Order

DKZherO Protoss 

Build Orders: Oracle Opening, Blink Stalkers 

Get SALT Encoding   

  12  0:00  Probe  
  13  0:12  Probe  
  14  0:18  Pylon  
  14  0:24  Probe  
  15  0:36  Gateway  
  15  0:38  Probe (Chrono Boost)  
  16  0:45  Assimilator  
  17  0:50  Probe (Chrono Boost)  
  17  0:56  Probe (Chrono Boost)  
  18  0:58  Assimilator  
  18  1:04  Probe  
  19  1:16  Probe  
  20  1:19  Pylon  
  20  1:23  Cybernetics Core  
  20  1:28  Probe  
  21  1:40  Probe  
  22  1:53  Probe  
  23  1:57  Adept (Chrono Boost)  
  23  2:00  Stargate  
  25  2:02  Shield Battery  
  25  2:05  Probe  
  25  2:06  Warp Gate  
  28  2:24  Pylon  
  28  2:35  Nexus  
  26  2:42  Oracle (Chrono Boost)  
  25  2:48  Probe  
  29  3:00  Twilight Council  
  29  3:01  Probe  
  30  3:12  Gateway  
  30  3:13  Probe  
  31  3:28  Probe  
  31  3:32  Gateway, Shield Battery  
  32  3:35  Blink (Chrono Boost)  
  32  3:47  Probe  
  31  3:54  Stalker  
  29  4:01  Probe  
  29  4:02  Probe  
  28  4:13  Stalker  
  32  4:28  Gateway  
  30  4:40  Stalker x2  
  30  4:45  Stalker  
  36  4:56  Pylon  
  36  5:08  Stalker x2  
  36  5:14  Stalker  
  42  5:25  Pylon  
  39  5:42  Stalker  
  39  5:43  Stalker  
  39  5:45  Stalker  
  39  5:48  Sentry  
  45  6:23  Stalker x4  
Show
View Real Time Build Order
Export as new Build Order

GuMiho Terran - Winner!

Build Orders: Cyclone Opening 

Get SALT Encoding   

  12  0:00  SCV  
  13  0:12  SCV  
  14  0:17  Supply Depot  
  14  0:24  SCV  
  15  0:38  SCV  
  15  0:41  Barracks  
  16  0:43  Refinery  
  16  0:50  SCV  
  16  0:52  Refinery  
  17  1:02  SCV  
  18  1:14  SCV  
  19  1:28  Orbital Command, Reaper  
  20  1:40  Factory  
  20  1:51  Supply Depot  
  20  1:54  SCV  
  20  2:00  Barracks Reactor  
  21  2:06  SCV  
  22  2:18  SCV  
  22  2:20  Bunker  
  23  2:26  Cyclone  
  25  2:30  SCV  
  26  2:38  Marine x2  
  26  2:40  Starport  
  26  2:41  Supply Depot  
  26  2:42  SCV  
  29  2:54  SCV  
  30  2:58  Marine  
  30  3:02  Marine, Cyclone  
  34  3:08  SCV  
  35  3:15  Medivac  
  35  3:16  Marine  
  38  3:20  Marine  
  38  3:21  Supply Depot  
  36  3:35  Command Center  
  36  3:37  Factory Tech Lab  
  36  3:40  SCV  
  37  3:42  Marine  
  37  3:45  Marine  
  39  3:53  SCV  
  39  4:07  Marine x2  
  39  4:08  SCV, Starport Tech Lab, Siege Tank  
  43  4:25  Marine x2  
  43  4:28  Cloaking Field  
  43  4:31  SCV  
  46  4:35  Banshee  
  46  4:40  Bunker  
  46  4:43  SCV, Marine  
  48  4:54  Siege Tank  
  48  4:55  SCV  
  52  5:02  Orbital Command  
  52  5:09  SCV  
  51  5:18  Banshee  
  51  5:21  Marine  
  53  5:23  Marine  
  53  5:28  SCV x2  
  57  5:35  Siege Tank  
  57  5:40  SCV  
  57  5:41  Supply Depot  
  61  5:45  SCV  
  62  5:51  Marine x2  
  62  5:52  SCV  
  65  5:57  SCV  
  65  6:00  Banshee  
  69  6:04  SCV  
  69  6:09  Marine x2  
  69  6:10  Siege Tank  
  75  6:17  Supply Depot  
  72  6:26  Marine x2  
  72  6:28  SCV x2  
  72  6:40  SCV  
Tags
 
Add a new tag
Caveats
  • Supply blocks, unpowered buildings, or Contaminate may cause inaccurate times.
  • Supply counts are checked every 10 seconds.